 Dungeon Crawl Stone Soup version 0.32-a0-900-g30fb1b0edc (webtiles) character file.

Game seed: 17816623185937611187

219 innerfire43 the Chucker (level 5, 0/41 HPs)
             Began as a Demonspawn Wanderer on Apr 3, 2024.
             Slain by Edmund
             ... wielding a +1 dire flail of protection
              (5 damage)
             ... on level 4 of the Dungeon on Apr 5, 2024.
             The game lasted 00:08:35 (2759 turns).

innerfire43 the Chucker (Demonspawn Wanderer)       Turns: 2759, Time: 00:08:36

Health: 0/41       AC:  7    Str: 16    XL:     5   Next: 63%
Magic:  2/5        EV: 10    Int:  9    God:
Gold:   201        SH:  0    Dex: 14    Spells: 2/4 levels left

rFire   . . .        a - +2 dagger
rCold   . . .        (no shield)
rNeg    . . .        f - +0 leather armour
rPois   .            (no helmet)
rElec   .            l - +2 cloak
rCorr   .            m - +0 pair of gloves
SInv    .            (no boots)
Will    .....        (no amulet)
Stlth   ++           k - ring of wizardry
HPRegen 0.26/turn    (no ring)
MPRegen 0.09/turn

%: wizardry (x1)
@: weak-willed
A: claws 2, hooves 1, ignite blood 1
a: no special abilities


You were on level 4 of the Dungeon.
You visited 1 branch of the dungeon, and saw 4 of its levels.

You collected 201 gold pieces.

Inventory:

Hand Weapons
 a - a +2 dagger (weapon)
 r - a +1 dagger of speed
Missiles
 b - 2 curare-tipped darts (quivered)
Armour
 d - a +0 cloak
 f - a +0 leather armour (worn)
 l - a +2 cloak (worn)
 m - a +0 pair of gloves (worn)
 q - a scarf of repulsion
Magical Staves
 c - a staff of alchemy
 n - a staff of fire
Jewellery
 k - a ring of wizardry (left hand)
Scrolls
 e - 2 scrolls of fog
 g - a scroll of poison {unknown}
 h - a scroll of amnesia {unknown}
 i - 2 scrolls of immolation
 o - 2 scrolls of vulnerability {unknown}
 p - a scroll of noise {unknown}
Potions
 j - 3 potions of might
 s - a potion of magic {unknown}
 t - a potion of invisibility


   Skills:
 + Level 3.0 Fighting
 + Level 2.7 Short Blades
 - Level 3.6 Throwing
 + Level 2.9 Armour
 - Level 2.6 Stealth
 - Level 1.7 Unarmed Combat


You had 2 spell levels left.
You knew the following spells:

 Your Spells              Type           Power      Damage    Failure   Level
a - Jinxbite              Hex            0%         N/A       28%         2

Your spell library contained the following spells:

 Spells                   Type           Power      Damage    Failure   Level
 Summon Small Mammal      Summ           0%         N/A       19%         1
 Tukima's Dance           Hex            0%         N/A       47%         3
 Dimensional Bullseye     Hex/Tloc       0%         N/A       86%         4
 Iskenderun's Mystic Bla Conj/Tloc 0%             2d3        (+2d1     86%         4
 Passage of Golubria      Tloc           0%         N/A       86%         4
 Yara's Violent Unravell  Hex/Alch       0%         3d3       99%         5
 Enfeeble                 Hex            0%         N/A       100%        7


Dungeon Overview and Level Annotations

Branches:
Dungeon (4/15)
 Temple: D:4-7

Altars:
Dithmenos
Sif Muna

Shops:
D:2 [

Annotations:
D:4 Edmund


Innate Abilities, Weirdness & Mutations

You have very sharp fingernails.
You have large cloven feet.
Your demonic aura sometimes causes spilled blood to erupt in flames.


Message History

The jinxing sprites lose interest in you.
Edmund hits you but does no damage.
The bombardier beetle bites you but does no damage.
Your magical contamination has completely faded away.
You hit the bombardier beetle. You kick the bombardier beetle.
The bombardier beetle is almost dead.
Edmund hits you with a +1 dire flail of protection.
Unknown command.
You hit the bombardier beetle but do no damage.
You kick the bombardier beetle, but do no damage.
The bombardier beetle is almost dead.
Edmund hits you with a +1 dire flail of protection!
The bombardier beetle closely misses you.
Unknown command.
You hit the bombardier beetle.
The bombardier beetle is almost dead.
Edmund hits you with a +1 dire flail of protection!
Unknown command.
You closely miss the bombardier beetle.
The bombardier beetle is almost dead.
The bombardier beetle sprays incendiary fluid at you.
The burning spray misses you.
Edmund mutters, "Who needs spells, anyway?"
Edmund hits you with a +1 dire flail of protection.
Unknown command.
You hit the bombardier beetle.
You kill the bombardier beetle!
Your Fighting skill increases to level 3!
Unknown command.
You closely miss Edmund. Your kick misses Edmund. Edmund completely misses you.
You hit Edmund but do no damage.
Edmund asks, "Have you met my wondrous brother?"
Edmund hits you with a +1 dire flail of protection!
* * * LOW HITPOINT WARNING * * *
Unknown command.
You hit Edmund. Your kick misses Edmund.
Edmund is lightly wounded.
Edmund hits you with a +1 dire flail of protection.
You die...
Edmund says, "I'd like to see a scythe do that!"

###.. ...# #### .##..+
#(:# ....+ #$!# #
##..###..# .# .....#..#
.. # #####.#.#')#.#....
#.........@@......
#######.#<..........####
...........#.....#..#
.######.##.#.#<.....#
...........#.#...#..#
...........#.#...#....
.....†...........# ...
......####.#.#..## ....
....#.# ...#


You could see Edmund.

Vanquished Creatures
  A bombardier beetle (D:4)
  2 orc wizards (D:3)
  4 adders
  5 dart slugs
  2 ribbon worms
  7 orcs (D:3)
  4 bats
  5 endoplasms
  2 giant cockroaches
  9 goblins
  10 hobgoblins
  2 jackals (D:2)
  7 kobolds
  4 quokkas
  6 ball pythons
  A frilled lizard (D:2)
  7 rats
78 creatures vanquished.

Notes
Turn   | Place    | Note
-------+----------+-------------------------------------------
     0 | D:1      | innerfire43 the Demonspawn Wanderer began the quest for the
                  | Orb.
     0 | D:1      | innerfire43 set off with the following items: a +2 dagger,
                  | 3 curare-tipped darts, a scroll of teleportation, a +0
                  | cloak, a scroll of fog, a +0 leather armour.
     0 | D:1      | Reached XP level 1. HP: 13/13 MP: 1/1
     8 | D:1      | Noticed an electric eel
   192 | D:1      | Discovered your monstrous ancestry.
   192 | D:1      | Gained mutation: You have large cloven feet. [demonic
                  | ancestry]
   192 | D:1      | Reached XP level 2. HP: 20/20 MP: 2/2
   304 | D:1      | Reached skill level 1 in Fighting
   416 | D:1      | Reached skill level 1 in Short Blades
   708 | D:1      | Gained mutation: You have sharp fingernails. [demonic
                  | ancestry]
   708 | D:1      | Reached XP level 3. HP: 22/26 MP: 3/3
  1104 | D:2      | Found Jysolak's Armour Shop.
  1763 | D:3      | Gained mutation: Your demonic aura sometimes causes spilled
                  | blood to erupt in flames. [demonic ancestry]
  1763 | D:3      | Reached XP level 4. HP: 29/31 MP: 4/4
  1783 | D:3      | Upgraded the game from 0.32-a0-893-gf85d74f360 to
                  | 0.32-a0-900-g30fb1b0edc
  1829 | D:3      | HP: 1/31 [orc/+0 dagger (1)]
  2017 | D:3      | Found a shadowy altar of Dithmenos.
  2134 | D:3      | Found a shimmering blue altar of Sif Muna.
  2152 | D:3      | Gained mutation: You have very sharp fingernails. [demonic
                  | ancestry]
  2152 | D:3      | Reached XP level 5. HP: 37/39 MP: 5/5
  2159 | D:3      | Got Sif Muna's Meditations on the Gang
  2481 | D:3      | Learned a level 2 spell: Jinxbite
  2743 | D:4      | Noticed Edmund
  2759 | D:4      | Slain by Edmund

Illustrated notes

Levels and vault maps discovered:
D:1:      arrival_aquarium_a, layout_loops_ring, grunt_decor_clamped,
          chequers_jeans
D:2:      layout_basic, serial_shops, nicolae_shop_advertising_works
          [nicolae_subvault_shop_adworks]
D:3:      layout_loops_ring, grunt_dithmenos_smoke, led_sif_book
D:4:      layout_basic, st_stairs_11, minmay_mini_jars, uniq_edmund

Skill      XL: |  1  2  3  4  5 |
---------------+----------------+-----
Fighting       | 1 2 3 |  3.0
Short Blades   | 1 2 |  2.7
Armour         | 2 |  2.9
Throwing       | |  3.6
Stealth        | |  2.6
Unarmed Combat | |  1.7

Action                     |  1- 3 |  4- 6 || total
---------------------------+-------+-------++-------
  Melee: Dagger            |   125 |   117 ||   242
         Kick              |    25 |    29 ||    54
  Throw: Dart              |       |     3 ||     3
   Cast: Jinxbite          |       |     1 ||     1
    Use: Potion            |       |     4 ||     4
         Scroll            |       |     4 ||     4
   Stab: Sleeping          |     7 |       ||     7
         Invisible         |       |     2 ||     2
 Armour: Leather armour    |    47 |   103 ||   150
         Skin              |       |    16 ||    16
  Dodge: Dodged            |    54 |    69 ||   123

Table legend: (Time is in decaauts)
 A = Elapsed time spent in this place.
 B = Non-inter-level travel time spent in this place.
 C = Inter-level travel time spent in this place.
 D = Time resting spent in this place.
 E = Time spent auto-exploring this place.
 F = Levels seen in this place.
 G = Mean time per level.
                   A        B        C        D        E       F      G
               +--------+--------+--------+--------+--------+-----+--------+
         Total |   2738 |   2636 |    102 |      0 |   1929 |   4 |  684.5 |
       Dungeon |   2738 |   2636 |    102 |      0 |   1929 |   4 |  684.5 |
               +--------+--------+--------+--------+--------+-----+--------+

Top non-repeatable levels by time:
     D:1: 1044 daAuts
     D:3: 891 daAuts
     D:2: 689 daAuts
     D:4: 112 daAuts
